 Dungeon Crawl Stone Soup version 0.26-a0-30-g56b8cd3df0 (webtiles) character file.

Game seed: 2187647978275026279, levelgen mode: deterministic

7308 vurker the Arsonist (level 10, -3/82 HPs)
             Began as a Demigod Fire Elementalist on June 3, 2020.
             Slain by an orc warrior
             ... wielding a +0 halberd
              (18 damage)
             ... on level 10 of the Dungeon.
             The game lasted 00:22:42 (14990 turns).

vurker the Arsonist (Demigod Fire Elementalist)    Turns: 14990, Time: 00:22:43

Health: -3/82      AC:  9    Str: 11    XL:     10   Next: 59%
Magic:  9/25       EV: 12    Int: 25    God:
Gold:   545        SH:  0    Dex: 16    Spells: 14/24 levels left

rFire    . . .     SeeInvis .   y - +2 dagger (elec)
rCold    . . .     Gourm    .   (no shield)
rNeg     . . .     Faith    .   u - +0 steam dragon scales
rPois    .         Spirit   .   w - +0 hat
rElec    .         Reflect  .   (no cloak)
rCorr    .         Harm     .   (no gloves)
MR       +....                  (no boots)
Stlth    ++........             (no amulet)
HPRegen  0.23/turn              v - +4 ring of protection
MPRegen  0.19/turn              (no ring)

@: no status effects
A: high mp 1
a: no special abilities


You were on level 10 of the Dungeon.
You were not hungry.

You visited 1 branch of the dungeon, and saw 10 of its levels.
You also visited: Sewer.

You collected 545 gold pieces.

Inventory:

Hand Weapons
 y - a +2 dagger of electrocution (weapon)
   (You took it off an orc wizard on level 10 of the Dungeon)
Armour
 c - a +1 leather armour of cold resistance
   (You took it off an orc on level 6 of the Dungeon)
 o - +0 acid dragon scales
   (You found it on level 7 of the Dungeon)
 u - +0 steam dragon scales (worn)
   (You took it off Maggie on level 7 of the Dungeon)
 w - a +0 hat (worn)
   (You found it on level 8 of the Dungeon)
Jewellery
 v - a +4 ring of protection (left hand)
   (You found it on level 7 of the Dungeon)
Wands
 d - a wand of iceblast (3)
   (You found it on level 9 of the Dungeon)
 t - a wand of flame (20)
   (You took it off Maggie on level 7 of the Dungeon)
Scrolls
 b - 4 scrolls of teleportation
 i - 3 scrolls of remove curse
 m - a scroll of immolation
 r - 2 scrolls of amnesia
 s - a scroll of blinking
 x - a scroll of enchant weapon
Potions
 a - a potion of magic {unknown}
 f - 3 potions of ambrosia
 g - 3 potions of flight
 j - 3 potions of lignification
 k - a potion of brilliance
 l - 8 potions of curing
 n - a potion of heal wounds
 p - 2 potions of haste
 q - a potion of mutation {unknown}
Comestibles
 e - 13 rations
 z - 6 chunks of flesh


   Skills:
 + Level 5.6 Fighting
 - Level 1.7 Dodging
 - Level 1.7 Stealth
 * Level 7.8 Spellcasting
 * Level 8.3 Conjurations
 * Level 8.9 Fire Magic


You had 14 spell levels left.
You knew the following spells:

 Your Spells              Type           Power        Failure   Level  Hunger
a - Foxfire               Conj/Fire      ####         1%          1    None
q - Sticky Flame          Conj/Fire      ######..     1%          4    ##.....
z - Fireball              Conj/Fire      ######....   4%          5    #####..

Your spell library contained the following spells:

 Spells                   Type           Power        Failure   Level  Hunger
 Conjure Flame            Conj/Fire      ######..     1%          3    None
 Inner Flame              Hex/Fire       ####....     3%          3    None
 Animate Skeleton         Necr           N/A          6%          1    None
 Apportation              Tloc           #.....       6%          1    None
 Corona                   Hex            #......      6%          1    None
 Summon Small Mammal      Summ           #...         6%          1    None
 Leda's Liquefaction      Hex/Erth       #.........   52%         4    ##.....
 Metabolic Englaciation   Hex/Ice        #.........   86%         5    #####..
 Silence                  Hex/Air        #.........   86%         5    #####..
 Yara's Violent Unravell  Hex/Tmut       #.........   86%         5    #####..


Dungeon Overview and Level Annotations

Branches:
Dungeon (10/15)            Temple (0/1) D:4           Sewer (visited)
   Lair: D:8-11         Orc: D:9-12

Shops:
D:7 [

Annotations:
D:9 exclusion: ice statue


Innate Abilities, Weirdness & Mutations

You have an increased reservoir of magic. (+10% MP)


Message History

The orc wizard casts a spell at you.
You easily resist.
The orc warrior hits you from afar with a +0 halberd!
* * * LOW HITPOINT WARNING * * *
The orc wizard hits you but does no damage. x2
Unknown command.
Aim: an orc wizard, wielding a +0 dagger and wearing a +0 robe (fast)
The sticky flame hits the orc wizard!
The orc wizard is covered in liquid flames!
The orc wizard burns!
You kill the orc wizard!
The foxfire hits the orc warrior but does no damage.
The foxfire hits the orc wizard but does no damage.
The orc warrior hits you from afar with a +0 halberd.
* * * LOW HITPOINT WARNING * * *
The orc wizard mumbles some strange words.
The orc wizard blinks!
The orc warrior closely misses you.
Items here: % ( ) รท a +0 shortbow; 19 arrows; 3 chunks of flesh; a centaur skeleton
Things that are here:
an arrow; a wand of iceblast (11)
The orc wizard casts a spell.
The orc wizard blinks!
You conjure some foxfire!
The orc barely misses you.
The orc warrior hits you from afar with a +0 halberd.
* * * LOW HITPOINT WARNING * * *
Aim: an orc, wielding a +0 club and wearing a +0 leather armour The sticky flame hits the orc.
The orc is covered in liquid flames!
The orc burns!
You kill the orc!
The foxfire hits the orc warrior.
The orc warrior completely resists.
The orc warrior hits you from afar with a +0 halberd!
* * * LOW HITPOINT WARNING * * *
The orc wizard mumbles some strange words.
The orc wizard blinks!
The orc warrior closely misses you.
You conjure some foxfire!
The foxfire hits the orc warrior.
The orc warrior resists.
The foxfire hits the orc warrior but does no damage.
The orc warrior hits you from afar with a +0 halberd!
* * * LOW HITPOINT WARNING * * *
Aim: an orc warrior, wielding a +0 halberd and wearing a +2 plate armour of fire resistance (lightly wounded)
The mass of ice explodes!
The iceblast engulfs the orc warrior.
Aim: an orc warrior, wielding a +0 halberd and wearing a +2 plate armour of fire resistance (lightly wounded)
The mass of ice explodes!
The iceblast engulfs the orc warrior!
The orc warrior barely misses you.
Aim: an orc warrior, wielding a +0 halberd and wearing a +2 plate armour of fire resistance (moderately wounded)
The mass of ice explodes!
The iceblast engulfs the orc warrior!
The orc warrior hits you from afar with a +0 halberd!!
You die...

### #.# #..##.<##
#..##...#
#######.#...#.#
#........##.#.#
#.#########.#.# #.#
#.#.# #.# #.#.#
#.#########.#.#
.######@##..........#
...........#####(.###
#######o####
##..##### #.#
#.......#
#.#######.(.###.#
#...o...#...###.#
#######.#....##.#
#.#..#.##.#
#o#.)#.##.#


You could see an orc warrior.

Vanquished Creatures
  Pikel (D:7)
  A cyclops (D:9)
  Maggie (D:7)
  A troll (D:9)
  A wyvern (D:9)
  3 yaks (D:9)
  Sigmund (D:2)
  2 hungry ghosts (D:8)
  Menkaure (D:6)
  An acid dragon (D:7)
  3 ice beasts
  4 sky beasts
  A black bear (D:10)
  4 ogres
  3 phantoms
  An eye of draining (D:10)
  4 centaurs
  A big kobold (D:10)
  8 bullfrogs
  A water moccasin zombie (D:5)
  A wyvern skeleton (D:6)
  3 scorpions
  8 wights
  3 howler monkeys
  5 crimson imps
  2 quasits
  5 jellies
  2 centaur zombies
  5 hounds
  2 centaur skeletons
  6 orc priests
  4 iguanas
  2 bullfrog skeletons
  Natasha (thrice) (D:4)
  8 orc wizards
  6 worker ants
  2 killer bee zombies (D:8)
  2 hound zombies
  2 hound skeletons
  3 gnolls (D:6)
  17 adders
  A shadow imp (D:5)
  13 oozes
  An adder skeleton (D:5)
  2 worms (D:2)
  3 dart slugs
  16 leopard geckos
  42 orcs
  10 ball pythons
  12 giant cockroaches
  11 goblins
  15 hobgoblins
  8 jackals
  14 kobolds
  7 quokkas
  9 bats
  15 frilled lizards
  A jackal zombie (D:2)
  A quokka zombie (D:6)
  7 rats
  A spectral orc (D:3)
323 creatures vanquished.

Vanquished Creatures (collateral kills)
  A jackal (D:5)
  A kobold (D:10)
2 creatures vanquished.

Vanquished Creatures (others)
  2 slaves (D:7)
  1134 foxfires
1136 creatures vanquished.

Grand Total: 1461 creatures vanquished

Notes
Turn   | Place    | Note
-------+----------+-------------------------------------------
     0 | D:1      | vurker the Demigod Fire Elementalist began the quest for
                  | the Orb.
     0 | D:1      | Reached XP level 1. HP: 14/14 MP: 5/5
    33 | D:1      | Reached skill level 1 in Conjurations
   309 | D:1      | Reached XP level 2. HP: 22/22 MP: 0/7
   999 | D:1      | Reached XP level 3. HP: 27/27 MP: 6/8
  1727 | D:2      | Reached skill level 1 in Fighting
  2083 | D:2      | Noticed Sigmund
  2088 | D:2      | Killed Sigmund
  2088 | D:2      | Reached XP level 4. HP: 35/35 MP: 1/11
  2088 | D:2      | Reached XP level 5. HP: 40/40 MP: 1/12
  3001 | D:3      | Learned a level 4 spell: Sticky Flame
  3007 | D:3      | Learned a level 5 spell: Fireball
  3416 | D:3      | Found a basalt altar of Yredelemnul.
  4062 | D:4      | Reached XP level 6. HP: 40/48 MP: 10/14
  4174 | D:4      | Found a glowing drain.
  4225 | Sewer    | Entered a sewer
  4344 | Sewer    | Reached XP level 7. HP: 56/56 MP: 12/15
  5041 | Sewer    | Reached skill level 5 in Fire Magic
  5455 | D:4      | Found a staircase to the Ecumenical Temple.
  5751 | D:4      | Noticed Natasha
  5755 | D:4      | Killed Natasha
  5851 | D:4      | Noticed Natasha
  5855 | D:4      | Killed Natasha
  6052 | D:4      | Noticed Natasha
  6057 | D:4      | Killed Natasha
  6519 | D:5      | Entered Level 5 of the Dungeon
  6610 | D:5      | Reached XP level 8. HP: 63/63 MP: 13/18
  6889 | D:5      | Reached skill level 5 in Conjurations
  7333 | D:5      | Found a burning altar of Makhleb.
  7338 | D:5      | Reached skill level 5 in Spellcasting
  7528 | D:6      | Noticed Menkaure
  7535 | D:6      | Killed Menkaure
  7818 | D:6      | Found a snail-covered altar of Cheibriados.
  8122 | D:6      | Found a stormy altar of Qazlal.
  8248 | D:6      | Found a shadowy altar of Dithmenos.
  8398 | D:6      | Found a sacrificial altar of Ru.
  8600 | D:6      | Found a shimmering altar of Xom.
  8828 | D:7      | Found a shattered altar of Ashenzari.
  8887 | D:7      | Identified Laneasa's Guide on Beguiling
  8890 | D:7      | Found Itwoufou's Armour Shop.
  9044 | D:7      | Reached XP level 9. HP: 71/71 MP: 16/21
  9285 | D:7      | Noticed Pikel
  9310 | D:7      | Killed Pikel
  9481 | D:7      | Noticed Maggie
  9486 | D:7      | Killed Maggie
  9716 | D:7      | Found a shimmering blue altar of Sif Muna.
 10227 | D:8      | Found a hide-covered altar of Uskayaw.
 10289 | D:8      | Found a sparkling altar of Nemelex Xobeh.
 10289 | D:8      | Found a bloodstained altar of Trog.
 11476 | D:9      | Found a glowing silver altar of Zin.
 11956 | D:9      | Reached skill level 5 in Fighting
 11956 | D:9      | Reached XP level 10. HP: 81/81 MP: 9/24
 12093 | D:9      | Noticed a cyclops
 12113 | D:9      | Killed a cyclops
 12805 | D:9      | Noticed an ice statue
 13121 | D:9      | Found a white marble altar of Elyvilon.
 14132 | D:10     | Entered Level 10 of the Dungeon
 14990 | D:10     | Slain by an orc warrior

Illustrated notes

Levels and vault maps discovered:
D:1:      sevenhm_arrival_forest_fort_small_6, layout_loops_ring
D:2:      layout_basic, first_ration, roderic_lattice_a, hex_large, uniq_sigmund
D:3:      layout_loops_cross, yredelemnul_forgotten_temple_becter,
          minmay_misc_feat_x
D:4:      layout_basic, minmay_temple_entry_wispy,
          cheibrodos_sewer_entry_sluice, kennysheep_generic_room_11,
          uniq_natasha
D:5:      layout_rooms, lemuel_round_altar, kennysheep_nub
D:6:      layout_gridville, grunt_qazlal_clouds, kennysheep_mini_moat,
          nicolae_overflow_crystal_walls, nicolae_ru_sacrificial_ziggurat,
          tgw_xom, uniq_menkaure
D:7:      layout_basic, ashenzari_altar_1, kennysheep_little_box, serial_shops,
          shop, uniq_maggie, uniq_pikel
D:8:      layout_loops_ring, lemuel_round_altar,
          gammafunk_temple_overflow_statue
D:9:      layout_basic, zin_statuary, basic_altar,
          hangedman_little_slice_of_home, minivault_16
D:10:     layout_loops_ring, dpeg_lair_monsters

Skill      XL: |  1  2  3  4  5  6  7  8  9 10 |
---------------+-------------------------------+-----
Conjurations   | 1 2 3 4 5 7 8 |  8.3
Spellcasting   | 2 3 4 5 6 7 |  7.8
Fire Magic     | 3 4 5 6 7 8 |  8.9
Fighting       | 1 2 3 4 5 |  5.6
Dodging        | |  1.7
Stealth        | |  1.7

Action                   |  1- 3 |  4- 6 |  7- 9 | 10-12 || total
-------------------------+-------+-------+-------+-------++-------
Melee: Unarmed           |    21 |       |       |       ||    21
       Dagger            |    14 |    58 |   112 |     1 ||   185
       Whip              |       |       |   190 |    40 ||   230
 Cast: Foxfire           |    98 |    95 |   430 |   225 ||   848
       Sticky Flame      |       |     1 |    22 |    23 ||    46
Evoke: Wand              |       |       |       |     3 ||     3
  Use: Scroll            |       |       |    20 |       ||    20
 Stab: Sleeping          |       |     3 |       |       ||     3
  Eat: Chunk             |     4 |     7 |    17 |     8 ||    36
       Ration            |       |       |     4 |     1 ||     5
Armor: Robe              |    12 |    18 |    37 |       ||    67
       Steam dragon scal |       |       |   101 |    35 ||   136
       Leather armour    |       |       |     4 |       ||     4
Dodge: Dodged            |    42 |    49 |   248 |    73 ||   412

Table legend:
 A = Non-vault XP
 B = Vault XP
 C = Vault XP percentage of total XP
 D = Non-vault monster count
 E = Vault monster count
 F = Vault count percentage of total count
                 A         B        C        D         E       F
            +---------+---------+-------+---------+---------+-------
      Total |    8650 |    1791 |  17.2 |     251 |      74 |  22.8
            +---------+---------+-------+---------+---------+-------
        D:1 |      53 |       0 |   0.0 |      28 |       0 |   0.0
        D:2 |      98 |     201 |  67.2 |      33 |       1 |   2.9
        D:3 |      84 |       1 |   1.2 |      15 |       1 |   6.2
        D:4 |     715 |     108 |  13.1 |      28 |       5 |  15.2
        D:5 |     421 |       0 |   0.0 |      17 |       0 |   0.0
        D:6 |     763 |     196 |  20.4 |      29 |       5 |  14.7
        D:7 |     990 |     717 |  42.0 |      16 |       2 |  11.1
        D:8 |    1132 |       0 |   0.0 |      18 |       0 |   0.0
        D:9 |    3139 |     160 |   4.8 |      38 |       8 |  17.4
       D:10 |    1255 |       0 |   0.0 |      29 |       0 |   0.0
      Sewer |       0 |     408 | 100.0 |       0 |      52 | 100.0
            +---------+---------+-------+---------+---------+-------
